 Dungeon Sprint DCSS version 0.20-a0-641-g673355a (webtiles) character file.

142 Kidiri the Magician (level 5, -6/31 HPs)
             Began as a Deep Elf Fire Elementalist on Feb 13, 2017.
             Mangled by a chaos spawn (11 damage)
             ... summoned by a kobold demonologist
             ... in the Dungeon (Sprint III: "The Ten Rune Challenge").
             The game lasted 00:02:26 (419 turns).

Kidiri the Magician (Deep Elf Fire Elementalist)     Turns: 419, Time: 00:02:27

Health: -6/31      AC:  2    Str:  5    XL:     5   Next: 4%
Magic:  7/17       EV: 14    Int: 21    God:
Gold:   28         SH:  0    Dex: 15    Spells: 10/19 levels left

rFire    . . .     SeeInvis .   l - +0 dagger
rCold    . . .     Gourm    .   a - +0 robe
rNeg     . . .     Faith    .   (no shield)
rPois    .         Spirit   .   (no helmet)
rElec    .         Reflect  .   (no cloak)
rCorr    .         Harm     .   (no gloves)
MR       .....     NoTele   +   (no boots)
Stlth    ++........             (no amulet)
Regen    0.1/turn               (no ring)
MPRegen  0.2/turn               (no ring)

@: drained
A: talons 2, mutation resistance 1, wild magic 1
a: no special abilities


You were in the Dungeon.
You were not hungry.

You visited 1 branch You collected 28 gold pieces.

Inventory:

Hand Weapons
 l - a +0 dagger (weapon)
Armour
 a - a +0 robe (worn)
Scrolls
 e - a scroll of holy word {unknown}
 i - a scroll of blinking
 m - a scroll of identify {unknown}
 n - 3 scrolls of remove curse
 p - a scroll of torment {unknown}
 q - a scroll of magic mapping {unknown}
Potions
 f - a potion of haste
 g - a potion of magic
 h - a potion of berserk rage
 s - a potion of curing
 t - a potion of flight {unknown}
Books
 b - a book of Flames

   Spells                             Type                      Level
   a - Flame Tongue                   Conjuration/Fire             1
   b - Throw Flame                    Conjuration/Fire             2
   c - Conjure Flame                  Conjuration/Fire             3
   d - Inner Flame                    Hexes/Fire                   3
   e - Sticky Flame                   Conjuration/Fire             4
   f - Fireball                       Conjuration/Fire             5
Comestibles
 c - a bread ration
 k - 3 fruits
 r - a royal jelly


   Skills:
 + Level 2.7(2.3) Fighting
 + Level 2.4(2.0) Short Blades
 + Level 2.7(2.3) Armour
 + Level 4.9(4.5) Dodging
 - Level 2.4(2.0) Stealth
 * Level 7.5(7.1) Spellcasting
 + Level 3.8(3.4) Conjurations
 + Level 5.1(4.7) Fire Magic


You had 10 spell levels left.
You knew the following spells:

 Your Spells              Type           Power        Failure   Level  Hunger
a - Flame Tongue          Conj/Fire      ####.        3%          1    None
b - Throw Flame           Conj/Fire      ####..       4%          2    None
c - Conjure Flame         Conj/Fire      ####....     10%         3    #......
d - Inner Flame           Hex/Fire       ###.....     17%         3    #......


Dungeon Overview and Level Annotations

Branches:
Dungeon (1/1)

Altars:
Kikubaaqudgha
Sif Muna
Vehumet


Innate Abilities, Weirdness & Mutations

You have razor-sharp toenails.
You are somewhat resistant to further mutation.
Your spells are a little harder to cast, but a little more powerful.


Message History

The chaos spawn hits you!
* * * LOW HITPOINT WARNING * * *
You feel drained.
* * * LOW HITPOINT WARNING * * *
Unknown command.
You feel much better.
The kobold demonologist mumbles some strange words.
The chaos spawn gores you. The chaos spawn freezes you!
Casting: Flame Tongue
Confirm with . or Enter, or press ? or * to list all spells.
Aiming: Flame Tongue
Press: ? - help, Shift-Dir - straight line, f/p - kobold demonologist
Aim: a kobold demonologist, wielding a dagger and wearing a robe (severely wounded)
The flame tongue hits the kobold demonologist.
The kobold demonologist is severely wounded.
The kobold demonologist closely misses you.
The chaos spawn gores you!
* * * LOW HITPOINT WARNING * * *
You are engulfed in flames!
You die...

#..#....♣.♣ ♣♣.#
####....♣.♣ ♣..#
...#....≈♣♣♣♣♣.###+#+###+
...#...≈≈.♣♣.♣.#.........
..(#..≈≈≈≈♣♣.♣.'.⌠.......
##'#..≈≈≈≈≈≈.♣.#...######
[..#.≈≈≈≈≈≈....#.⌠.#
...#.≈≈≈≈≈.....#...#
...#.≈≈≈.......#@###
####...........#K4$#
÷..............#4__#
▓▓▓▓▓▓▓▓▓▓▓▓▓▓▓▓▓▓▓▓


You could see a hellwing, a kobold demonologist and a chaos spawn.

Vanquished Creatures
  A water elemental (D)
  Jessica (D)
  A wizard (D)
  A human (D)
  An ooze (D)
  A phantom (D)
  2 rats (D)
8 creatures vanquished.

Vanquished Creatures (others)
  2 draconian scorchers (D)
  6 hellions (D)
8 creatures vanquished.

Grand Total: 16 creatures vanquished

Notes
Turn   | Place    | Note
-------+----------+-------------------------------------------
     0 | D        | Kidiri the Deep Elf Fire Elementalist began the quest for the Orb.
     0 | D        | Reached XP level 1. HP: 10/10 MP: 6/6
    66 | D        | Noticed Jessica
    69 | D        | Killed Jessica
    69 | D        | Reached skill level 1 in Fighting
    69 | D        | Reached skill level 1 in Armour
    69 | D        | Reached skill level 5 in Spellcasting
    69 | D        | Reached XP level 2. HP: 16/16 MP: 3/10
    69 | D        | Reached XP level 3. HP: 20/20 MP: 3/11
    73 | D        | Learned a level 2 spell: Throw Flame
    77 | D        | Learned a level 3 spell: Conjure Flame
    81 | D        | Learned a level 3 spell: Inner Flame
    92 | D        | Killed a hellion
   101 | D        | Killed a hellion
   102 | D        | Killed a hellion
   102 | D        | Killed a hellion
   104 | D        | Killed a hellion
   104 | D        | Killed a hellion
   150 | D        | Killed a white draconian scorcher
   153 | D        | Killed a white draconian scorcher
   297 | D        | Reached skill level 1 in Short Blades
   297 | D        | Reached skill level 6 in Spellcasting
   315 | D        | Gained mutation: Your spells are a little harder to cast, but a little more powerful. [potion of mutation]
   315 | D        | Gained mutation: Your spells are harder to cast, but more powerful. [potion of mutation]
   316 | D        | Lost mutation: Your spells are harder to cast, but more powerful. [potion of mutation]
   316 | D        | Lost mutation: Your spells are a little harder to cast, but a little more powerful. [potion of mutation]
   316 | D        | Gained mutation: You are agile. (Dex +2) [potion of mutation]
   316 | D        | Gained mutation: You are somewhat resistant to further mutation. [potion of mutation]
   317 | D        | Lost mutation: You are somewhat resistant to further mutation. [potion of mutation]
   317 | D        | Lost mutation: You are agile. (Dex +2) [potion of mutation]
   317 | D        | Gained mutation: Your spells are a little harder to cast, but a little more powerful. [potion of mutation]
   317 | D        | Gained mutation: You have sharp toenails. [potion of mutation]
   317 | D        | Gained mutation: You have razor-sharp toenails. [potion of mutation]
   317 | D        | Gained mutation: You are somewhat resistant to further mutation. [potion of mutation]
   344 | D        | Noticed a water elemental
   347 | D        | Killed a water elemental
   347 | D        | Reached skill level 7 in Spellcasting
   347 | D        | Reached XP level 4. HP: 27/27 MP: 6/15
   407 | D        | Found a radiant altar of Vehumet.
   408 | D        | Found a deep blue altar of Sif Muna.
   408 | D        | Found an ancient bone altar of Kikubaaqudgha.
   408 | D        | Noticed a wizard
   411 | D        | Killed a wizard
   411 | D        | Reached skill level 5 in Fire Magic
   411 | D        | Reached XP level 5. HP: 27/31 MP: 13/17
   412 | D        | Noticed a chaos spawn
   419 | D        | Noticed a hellwing
   419 | D        | Mangled by a chaos spawn

Vault maps used:
D:        dungeon_sprint_mu

Skill      XL: |  1  2  3  4 |
---------------+-------------+-----
Dodging        | 3 4 |  4.9
Fighting       | 1 2 |  2.7
Armour         | 1 2 |  2.7
Spellcasting   | 5 7 |  7.5
Conjurations   | 2 3 |  3.8
Fire Magic     | 4 5 |  5.1
Short Blades   | 2 |  2.4
Stealth        | |  2.4

Action                   |  1- 3 |  4- 6 || total
-------------------------+-------+-------++-------
 Cast: Flame Tongue      |    31 |    10 ||    41
       Throw Flame       |     2 |       ||     2
       Conjure Flame     |     1 |       ||     1
  Use: Potion            |     6 |     1 ||     7
Dodge: Dodged            |    12 |     6 ||    18
